[ AOE2 MATCH · #463539041 ]
Team RMPersians vs Muisca
[ REPLAY ANALYSIS · EXTRACTED FROM THE RECORDED GAME ]
Feudal
10:23
Castle
18:54
Imperial
37:33
| APM avg | 28.9 |
| APM peak | 71 |
| eAPM avg | 17.9 |
| Villagers / military | 89 / 225 |
Focus
⚔️ 39.7% · 🌾 60.3%
Spearman ×132 · Skirmisher ×48 · Scout Cavalry ×24 · Trade Cart ×13 · War Elephant ×7 · Cavalry Archer ×6
Feudal
8:43
Castle
30:47
Imperial
—
| APM avg | 22.2 |
| APM peak | 44 |
| eAPM avg | 16.4 |
| Villagers / military | 72 / 1 |
Focus
⚔️ 11.2% · 🌾 88.8%
Trade Cart ×133 · Unknown (2562) ×12 · Spearman ×1
Feudal
9:07
Castle
13:02
Imperial
32:34
| APM avg | 11.8 |
| APM peak | 32 |
| eAPM avg | 9.3 |
| Villagers / military | 86 / 278 |
Focus
⚔️ 49.3% · 🌾 50.7%
Tarkan ×158 · Skirmisher ×115 · Trade Cart ×13 · Trebuchet (Packed) ×5
Feudal
9:37
Castle
13:07
Imperial
27:38
| APM avg | 28.6 |
| APM peak | 65 |
| eAPM avg | 15.9 |
| Villagers / military | 151 / 149 |
Focus
⚔️ 27.0% · 🌾 73.0%
Knight ×69 · Hand Cannoneer ×40 · Teutonic Knight ×27 · Spearman ×10 · Bombard Cannon ×3
Feudal
10:16
Castle
14:36
Imperial
20:29
| APM avg | 25.9 |
| APM peak | 82 |
| eAPM avg | 20.6 |
| Villagers / military | 76 / 369 |
Focus
⚔️ 56.7% · 🌾 43.3%
Huskarl ×293 · Spearman ×76 · Trade Cart ×30
Feudal
8:51
Castle
12:33
Imperial
26:52
| APM avg | 20.0 |
| APM peak | 40 |
| eAPM avg | 15.0 |
| Villagers / military | 129 / 219 |
Focus
⚔️ 37.7% · 🌾 62.3%
Arambai ×167 · Scout Cavalry ×49 · Trebuchet (Packed) ×3
Feudal
11:16
Castle
16:58
Imperial
42:23
| APM avg | 12.0 |
| APM peak | 34 |
| eAPM avg | 6.2 |
| Villagers / military | 79 / 125 |
Focus
⚔️ 27.5% · 🌾 72.5%
Huskarl ×105 · Spearman ×20
Feudal
8:26
Castle
12:18
Imperial
27:54
| APM avg | 12.9 |
| APM peak | 31 |
| eAPM avg | 10.5 |
| Villagers / military | 79 / 206 |
Focus
⚔️ 32.8% · 🌾 67.2%
Knight ×112 · Scout Cavalry ×94 · Trade Cart ×18
Match map
Initial resources + every placement click. Lines = walls · curves = elevation contours. ◆ gold · ⬟ stone · ● berries · ✦ relic · ◌ wall gap
Inputs per minute
— jesatamtzc07 - - CC182
Build order — jesatamtzc07
First 150 of 477 actions detected
| 0:18 | Build | Lumber Camp |
| 0:23 | Create | Villager (Male) |
| 0:23 | Create | Villager (Male) |
| 0:23 | Create | Villager (Male) |
| 0:23 | Create | Villager (Male) |
| 0:24 | Create | Villager (Male) |
| 0:34 | Build | House |
| 0:35 | Build | House |
| 0:36 | Build | House |
| 0:37 | Build | House |
| 0:39 | Build | House |
| 0:40 | Build | House |
| 1:33 | Build | Mill |
| 1:46 | Create | Villager (Male) |
| 1:46 | Create | Villager (Male) |
| 3:07 | Create | Villager (Male) |
| 3:07 | Create | Villager (Male) |
| 3:07 | Create | Villager (Male) |
| 3:07 | Create | Villager (Male) |
| 3:42 | Create | Villager (Male) |
| 3:43 | Create | Villager (Male) |
| 4:20 | Research | Loom |
| 4:20 | Create | Villager (Male) |
| 4:20 | Create | Villager (Male) |
| 4:43 | Create | Villager (Male) |
| 5:20 | Build | Mining Camp |
| 5:29 | Create | Villager (Male) |
| 5:29 | Create | Villager (Male) |
| 5:47 | Create | Villager (Male) |
| 6:17 | Create | Villager (Male) |
| 6:18 | Create | Villager (Male) |
| 6:26 | Build | Farm |
| 6:49 | Build | Farm |
| 6:52 | Create | Villager (Male) |
| 7:19 | Build | Farm |
| 7:40 | Build | Farm |
| 7:55 | Build | Mining Camp |
| 7:58 | Create | Villager (Male) |
| 8:09 | Research | Feudal Age |
| 8:09 | Research | Feudal Age |
| 8:18 | Create | Villager (Male) |
| 9:23 | Build | Farm |
| 9:24 | Build | Farm |
| 9:26 | Build | Farm |
| 9:44 | Build | Barracks |
| 10:09 | Create | Villager (Male) |
| 10:09 | Create | Villager (Male) |
| 10:23 | Age | Feudal Age |
| 10:35 | Research | Horse Collar |
| 10:59 | Create | Villager (Male) |
| 10:59 | Create | Villager (Male) |
| 11:10 | Build | Watch Tower |
| 11:16 | Create | Spearman |
| 11:48 | Build | Lumber Camp |
| 12:23 | Create | Villager (Male) |
| 12:23 | Create | Villager (Male) |
| 12:24 | Create | Villager (Male) |
| 12:26 | Research | Double-Bit Axe |
| 12:44 | Create | Villager (Male) |
| 12:59 | Build | Market |
| 13:21 | Create | Villager (Male) |
| 13:45 | Build | Archery Range |
| 14:15 | Create | Villager (Male) |
| 14:16 | Create | Villager (Male) |
| 14:51 | Build | Market |
| 14:56 | Build | Farm |
| 14:58 | Create | Villager (Male) |
| 14:58 | Create | Villager (Male) |
| 15:09 | Build | Stable |
| 15:15 | Create | Skirmisher |
| 15:16 | Create | Skirmisher |
| 15:16 | Create | Skirmisher |
| 15:26 | Build | Blacksmith |
| 15:33 | Build | House |
| 15:34 | Build | House |
| 15:35 | Build | House |
| 15:36 | Build | House |
| 15:37 | Build | House |
| 15:38 | Build | House |
| 15:40 | Build | House |
| 15:42 | Build | House |
| 15:46 | Build | Building 487 |
| 15:51 | Build | House |
| 15:51 | Build | House |
| 16:18 | Build | Lumber Camp |
| 16:28 | Research | Castle Age |
| 16:34 | Create | Skirmisher |
| 16:35 | Create | Skirmisher |
| 16:35 | Create | Skirmisher |
| 16:35 | Create | Skirmisher |
| 16:37 | Create | Spearman |
| 16:37 | Create | Spearman |
| 16:37 | Create | Spearman |
| 16:37 | Create | Spearman |
| 16:40 | Create | Scout Cavalry |
| 16:41 | Create | Scout Cavalry |
| 16:41 | Create | Scout Cavalry |
| 16:41 | Create | Scout Cavalry |
| 16:41 | Create | Scout Cavalry |
| 16:58 | Build | Mining Camp |
| 17:05 | Research | Forging |
| 17:19 | Research | Fletching |
| 18:46 | Research | Padded Archer Armor |
| 18:47 | Research | Scale Mail Armor |
| 18:47 | Research | Scale Barding Armor |
| 18:54 | Age | Castle Age |
| 20:19 | Research | Elite Skirmisher (upgrade) |
| 20:20 | Create | Skirmisher |
| 20:22 | Research | Pikeman (upgrade) |
| 20:22 | Create | Spearman |
| 20:22 | Create | Spearman |
| 20:27 | Create | Scout Cavalry |
| 20:47 | Build | Siege Workshop |
| 20:58 | Build | House |
| 21:00 | Build | House |
| 21:01 | Build | House |
| 21:04 | Build | Building 487 |
| 21:25 | Create | Scout Cavalry |
| 21:25 | Create | Scout Cavalry |
| 21:27 | Create | Skirmisher |
| 21:27 | Create | Skirmisher |
| 21:27 | Create | Skirmisher |
| 21:39 | Create | Battering Ram |
| 21:39 | Create | Battering Ram |
| 21:46 | Build | Watch Tower |
| 22:14 | Create | Skirmisher |
| 22:14 | Create | Skirmisher |
| 22:16 | Create | Scout Cavalry |
| 22:17 | Create | Scout Cavalry |
| 22:18 | Create | Spearman |
| 22:19 | Create | Spearman |
| 22:57 | Create | Trade Cart |
| 22:57 | Create | Trade Cart |
| 22:57 | Create | Trade Cart |
| 22:58 | Create | Trade Cart |
| 22:58 | Create | Trade Cart |
| 22:58 | Create | Trade Cart |
| 22:58 | Create | Trade Cart |
| 22:58 | Create | Trade Cart |
| 22:59 | Create | Trade Cart |
| 23:21 | Build | Town Center |
| 23:34 | Build | Mining Camp |
| 23:53 | Create | Knight |
| 23:54 | Create | Scout Cavalry |
| 23:55 | Create | Skirmisher |
| 23:56 | Create | Skirmisher |
| 23:56 | Create | Skirmisher |
| 23:56 | Create | Skirmisher |
| 23:59 | Create | Spearman |
| 24:00 | Create | Spearman |
Build order — CC182
First 150 of 306 actions detected
| 0:02 | Create | Villager (Male) |
| 0:02 | Create | Villager (Male) |
| 0:02 | Create | Villager (Male) |
| 0:02 | Create | Villager (Male) |
| 0:02 | Create | Villager (Male) |
| 0:11 | Build | Settlement |
| 1:35 | Create | Villager (Male) |
| 2:08 | Create | Villager (Male) |
| 2:09 | Create | Villager (Male) |
| 2:34 | Create | Villager (Male) |
| 2:35 | Create | Villager (Male) |
| 3:07 | Create | Villager (Male) |
| 3:43 | Build | Settlement |
| 3:46 | Create | Villager (Male) |
| 4:03 | Create | Villager (Male) |
| 4:35 | Create | Villager (Male) |
| 5:11 | Create | Villager (Male) |
| 5:36 | Create | Villager (Male) |
| 5:39 | Build | Farm |
| 6:06 | Build | Farm |
| 6:33 | Research | Feudal Age |
| 6:40 | Build | Settlement |
| 7:26 | Build | Settlement |
| 8:43 | Age | Feudal Age |
| 9:00 | Build | Market |
| 9:09 | Build | Stone Wall |
| 9:36 | Build | Market |
| 9:56 | Build | Market |
| 10:42 | Build | Market |
| 10:53 | Create | Villager (Male) |
| 10:53 | Create | Villager (Male) |
| 10:53 | Create | Villager (Male) |
| 11:03 | Build | Market |
| 11:10 | Create | Trade Cart |
| 11:10 | Create | Trade Cart |
| 11:10 | Create | Trade Cart |
| 11:11 | Create | Trade Cart |
| 11:11 | Create | Trade Cart |
| 11:26 | Build | Stone Wall |
| 12:16 | Create | Trade Cart |
| 12:16 | Create | Trade Cart |
| 12:27 | Create | Villager (Male) |
| 12:27 | Create | Villager (Male) |
| 12:27 | Create | Villager (Male) |
| 12:27 | Create | Villager (Male) |
| 12:59 | Build | Stone Wall |
| 13:10 | Create | Trade Cart |
| 13:11 | Create | Trade Cart |
| 13:11 | Create | Trade Cart |
| 13:30 | Create | Villager (Male) |
| 13:57 | Research | Loom |
| 14:15 | Create | Trade Cart |
| 14:16 | Create | Trade Cart |
| 14:21 | Create | Spearman |
| 14:32 | Create | Villager (Male) |
| 14:54 | Build | Stone Wall |
| 15:05 | Create | Trade Cart |
| 15:05 | Create | Trade Cart |
| 15:22 | Build | Stone Wall |
| 15:29 | Create | Villager (Male) |
| 15:29 | Create | Villager (Male) |
| 15:29 | Create | Villager (Male) |
| 15:30 | Create | Villager (Male) |
| 15:55 | Create | Trade Cart |
| 15:55 | Create | Trade Cart |
| 15:58 | Create | Villager (Male) |
| 16:03 | Build | Farm |
| 16:37 | Research | Double-Bit Axe |
| 17:11 | Research | Horse Collar |
| 17:17 | Create | Villager (Male) |
| 18:00 | Create | Trade Cart |
| 18:00 | Create | Trade Cart |
| 18:00 | Create | Trade Cart |
| 18:07 | Build | Stone Wall |
| 18:11 | Research | Town Watch |
| 18:35 | Create | Villager (Male) |
| 18:36 | Create | Villager (Male) |
| 18:36 | Create | Villager (Male) |
| 18:36 | Create | Villager (Male) |
| 18:36 | Create | Villager (Male) |
| 18:42 | Build | Settlement |
| 18:57 | Create | Trade Cart |
| 18:57 | Create | Trade Cart |
| 19:07 | Build | Stone Wall |
| 19:21 | Create | Trade Cart |
| 19:21 | Create | Trade Cart |
| 20:01 | Create | Villager (Male) |
| 20:01 | Create | Villager (Male) |
| 20:19 | Create | Trade Cart |
| 20:20 | Create | Trade Cart |
| 20:20 | Create | Trade Cart |
| 20:36 | Create | Villager (Male) |
| 20:48 | Build | Stone Wall |
| 21:25 | Create | Trade Cart |
| 21:25 | Create | Trade Cart |
| 21:25 | Create | Trade Cart |
| 21:25 | Create | Trade Cart |
| 21:26 | Create | Trade Cart |
| 21:30 | Create | Villager (Male) |
| 21:30 | Create | Villager (Male) |
| 21:31 | Create | Villager (Male) |
| 21:31 | Create | Villager (Male) |
| 21:31 | Create | Villager (Male) |
| 21:50 | Build | Stone Wall |
| 22:19 | Create | Trade Cart |
| 22:19 | Create | Trade Cart |
| 22:20 | Create | Trade Cart |
| 22:32 | Build | House |
| 22:33 | Build | House |
| 22:34 | Build | House |
| 22:35 | Build | House |
| 22:42 | Create | Villager (Male) |
| 23:01 | Build | Stone Wall |
| 23:42 | Create | Trade Cart |
| 23:43 | Create | Trade Cart |
| 23:43 | Create | Trade Cart |
| 23:43 | Create | Trade Cart |
| 23:43 | Create | Trade Cart |
| 24:26 | Create | Villager (Male) |
| 24:26 | Create | Villager (Male) |
| 24:26 | Create | Villager (Male) |
| 24:27 | Create | Villager (Male) |
| 24:27 | Create | Villager (Male) |
| 24:27 | Create | Villager (Male) |
| 24:31 | Create | Trade Cart |
| 24:32 | Create | Trade Cart |
| 24:32 | Create | Trade Cart |
| 24:32 | Create | Trade Cart |
| 24:43 | Build | Stone Wall |
| 25:32 | Create | Trade Cart |
| 25:38 | Create | Trade Cart |
| 25:38 | Create | Trade Cart |
| 25:39 | Create | Trade Cart |
| 25:50 | Build | Stone Wall |
| 25:56 | Build | Building 487 |
| 26:08 | Build | House |
| 26:09 | Build | House |
| 26:11 | Build | House |
| 26:20 | Build | Settlement |
| 26:24 | Build | House |
| 26:30 | Create | Villager (Male) |
| 26:41 | Create | Trade Cart |
| 26:41 | Create | Trade Cart |
| 26:42 | Create | Trade Cart |
| 26:42 | Create | Trade Cart |
| 27:12 | Build | Blacksmith |
| 27:24 | Build | Stone Wall |
| 27:32 | Build | House |
| 27:33 | Build | House |
| 27:54 | Create | Trade Cart |
Build order — AB14
First 150 of 227 actions detected
| 0:10 | Build | Lumber Camp |
| 0:11 | Create | Villager (Male) ×4 |
| 1:44 | Create | Villager (Male) ×3 |
| 2:17 | Build | Mill |
| 2:47 | Create | Villager (Male) ×3 |
| 4:00 | Create | Villager (Male) |
| 4:48 | Build | Mining Camp |
| 4:52 | Create | Villager (Male) ×5 |
| 4:55 | Build | Farm |
| 5:04 | Build | Lumber Camp |
| 5:11 | Create | Villager (Male) |
| 5:47 | Build | Farm |
| 6:18 | Research | Feudal Age |
| 7:34 | Create | Villager (Male) |
| 7:35 | Create | Villager (Male) |
| 7:35 | Create | Villager (Male) |
| 8:30 | Build | Farm |
| 8:35 | Build | Farm |
| 9:07 | Age | Feudal Age |
| 9:08 | Research | Horse Collar |
| 9:16 | Build | Market |
| 9:28 | Build | Blacksmith |
| 9:35 | Build | Farm |
| 9:41 | Research | Double-Bit Axe |
| 10:02 | Build | Farm |
| 10:22 | Research | Castle Age |
| 10:51 | Build | Farm |
| 10:52 | Build | Farm |
| 10:53 | Build | Farm |
| 10:53 | Build | Farm |
| 10:55 | Build | Farm |
| 10:57 | Research | Double-Bit Axe |
| 11:20 | Create | Trade Cart |
| 11:50 | Create | Villager (Male) |
| 11:50 | Create | Villager (Male) |
| 11:51 | Create | Villager (Male) |
| 12:10 | Research | Gold Mining |
| 13:02 | Age | Castle Age |
| 13:04 | Research | Wheelbarrow |
| 13:07 | Research | Heavy Plow |
| 13:12 | Create | Tarkan |
| 13:13 | Create | Tarkan |
| 13:21 | Create | Tarkan |
| 13:33 | Create | Tarkan |
| 13:41 | Create | Villager (Male) |
| 13:53 | Build | Lumber Camp |
| 13:59 | Create | Villager (Male) |
| 14:09 | Research | Wheelbarrow |
| 14:10 | Create | Tarkan |
| 14:25 | Create | Tarkan |
| 14:40 | Create | Villager (Male) |
| 14:43 | Create | Tarkan |
| 14:56 | Create | Villager (Male) |
| 15:03 | Create | Tarkan |
| 15:19 | Create | Tarkan |
| 15:23 | Create | Villager (Male) |
| 15:42 | Build | Town Center |
| 15:56 | Research | Gold Shaft Mining |
| 15:59 | Create | Tarkan |
| 16:36 | Research | Forging |
| 17:14 | Build | Stable |
| 17:18 | Create | Villager (Male) |
| 17:19 | Create | Villager (Male) |
| 17:36 | Research | Scale Barding Armor |
| 17:48 | Create | Villager (Male) |
| 17:48 | Create | Villager (Male) |
| 18:00 | Create | Tarkan |
| 18:00 | Create | Tarkan |
| 18:41 | Research | Chain Barding Armor |
| 20:16 | Research | Bloodlines |
| 20:16 | Research | Husbandry |
| 20:43 | Create | Tarkan ×4 |
| 20:58 | Build | Town Center |
| 21:01 | Create | Villager (Male) ×5 |
| 21:03 | Build | Farm |
| 21:04 | Build | Farm |
| 21:04 | Build | Farm |
| 21:54 | Create | Villager (Male) ×5 |
| 21:54 | Research | Loom |
| 22:19 | Build | Mining Camp |
| 22:21 | Research | Stone Mining |
| 22:46 | Create | Tarkan |
| 22:47 | Create | Tarkan |
| 22:47 | Create | Tarkan |
| 23:07 | Research | Bow Saw |
| 23:10 | Create | Villager (Male) ×3 |
| 23:16 | Build | Farm |
| 23:17 | Build | Farm |
| 23:17 | Build | Farm |
| 23:17 | Build | Farm |
| 23:19 | Build | Farm |
| 23:19 | Build | Farm |
| 24:21 | Research | Hand Cart |
| 24:22 | Research | Town Watch |
| 24:23 | Create | Trade Cart ×5 |
| 24:26 | Create | Villager (Male) ×3 |
| 24:33 | Build | Mill |
| 24:34 | Build | Farm |
| 24:34 | Build | Farm |
| 24:34 | Build | Farm |
| 24:35 | Build | Farm |
| 24:36 | Build | Farm |
| 24:43 | Build | Farm |
| 24:45 | Build | Farm |
| 24:49 | Create | Villager (Male) ×4 |
| 25:04 | Create | Villager (Male) ×3 |
| 25:22 | Build | Farm |
| 25:43 | Build | Mining Camp |
| 25:56 | Build | Lumber Camp |
| 26:04 | Create | Villager (Male) ×5 |
| 26:08 | Research | Caravan |
| 26:56 | Create | Villager (Male) ×5 |
| 26:58 | Create | Villager (Male) ×5 |
| 27:19 | Build | Town Center |
| 27:22 | Create | Villager (Male) ×5 |
| 27:34 | Create | Tarkan ×4 |
| 27:53 | Research | Iron Casting |
| 28:52 | Create | Villager (Male) |
| 29:24 | Research | Imperial Age |
| 29:26 | Research | Town Patrol |
| 29:27 | Create | Villager (Male) ×5 |
| 29:30 | Create | Villager (Male) ×5 |
| 29:44 | Build | Farm |
| 29:44 | Build | Farm |
| 29:45 | Build | Farm |
| 29:46 | Build | Farm |
| 29:47 | Build | Farm |
| 29:48 | Build | Farm |
| 29:49 | Build | Farm |
| 29:58 | Research | Iron Casting |
| 30:12 | Build | Stable |
| 30:13 | Build | Stable |
| 30:14 | Build | Stable |
| 30:18 | Build | Stable |
| 30:20 | Build | Stable |
| 30:21 | Build | Stable |
| 30:22 | Build | Stable |
| 30:33 | Research | Marauders |
| 31:46 | Create | Tarkan ×5 |
| 31:46 | Create | Tarkan ×5 |
| 31:49 | Create | Tarkan ×5 |
| 31:50 | Create | Tarkan |
| 32:08 | Build | Archery Range |
| 32:09 | Build | Archery Range |
| 32:11 | Build | Archery Range |
| 32:11 | Build | Archery Range |
| 32:34 | Age | Imperial Age |
| 32:55 | Create | Tarkan ×5 |
| 32:55 | Create | Tarkan ×5 |
| 32:56 | Create | Tarkan ×5 |
Build order — TheDukeofWrenches
First 150 of 388 actions detected
| 0:05 | Create | Villager (Male) ×4 |
| 1:47 | Create | Villager (Male) |
| 2:18 | Build | Lumber Camp |
| 2:45 | Create | Villager (Male) |
| 2:46 | Create | Villager (Male) |
| 2:46 | Create | Villager (Male) |
| 2:49 | Create | Villager (Male) |
| 2:49 | Create | Villager (Male) |
| 2:50 | Create | Villager (Male) |
| 3:53 | Build | Mill |
| 4:09 | Build | Lumber Camp |
| 4:41 | Build | Farm |
| 5:45 | Build | Mining Camp |
| 5:46 | Create | Villager (Male) |
| 5:47 | Create | Villager (Male) |
| 5:47 | Create | Villager (Male) |
| 5:55 | Create | Villager (Male) |
| 5:55 | Create | Villager (Male) |
| 6:25 | Build | Farm |
| 6:42 | Build | Farm |
| 6:49 | Research | Feudal Age |
| 7:20 | Build | Farm |
| 7:33 | Build | Farm |
| 9:11 | Build | Farm |
| 9:18 | Create | Villager (Male) |
| 9:18 | Create | Villager (Male) |
| 9:37 | Age | Feudal Age |
| 9:41 | Build | Market |
| 9:46 | Build | Blacksmith |
| 9:57 | Research | Horse Collar |
| 10:19 | Research | Double-Bit Axe |
| 10:27 | Research | Castle Age |
| 13:07 | Age | Castle Age |
| 13:12 | Build | Town Center |
| 13:17 | Build | Town Center |
| 13:20 | Research | Heavy Plow |
| 13:21 | Research | Bow Saw |
| 13:23 | Build | Farm |
| 13:26 | Create | Villager (Male) |
| 13:26 | Create | Villager (Male) |
| 13:30 | Create | Villager (Male) |
| 13:30 | Create | Villager (Male) |
| 14:09 | Create | Villager (Male) |
| 14:09 | Create | Villager (Male) |
| 14:43 | Build | Town Center |
| 14:49 | Build | Farm |
| 14:53 | Research | Wheelbarrow |
| 14:54 | Research | Loom |
| 14:57 | Create | Villager (Male) |
| 14:57 | Create | Villager (Male) |
| 14:58 | Create | Villager (Male) |
| 15:48 | Build | Farm |
| 15:49 | Build | Farm |
| 15:49 | Build | Farm |
| 15:54 | Build | Farm |
| 15:54 | Build | Farm |
| 15:55 | Build | Farm |
| 15:55 | Build | Farm |
| 15:56 | Build | Farm |
| 15:56 | Build | Farm |
| 16:01 | Create | Villager (Male) |
| 16:01 | Create | Villager (Male) |
| 16:01 | Create | Villager (Male) |
| 16:19 | Build | Farm |
| 16:19 | Build | Farm |
| 16:19 | Build | Farm |
| 16:19 | Build | Farm |
| 16:20 | Build | Farm |
| 16:43 | Research | Hand Cart |
| 16:44 | Create | Villager (Male) |
| 17:07 | Build | University |
| 17:25 | Build | Stone Wall |
| 17:27 | Create | Villager (Male) |
| 17:28 | Create | Villager (Male) |
| 17:44 | Create | Villager (Male) |
| 17:44 | Create | Villager (Male) |
| 18:23 | Create | Villager (Male) |
| 18:23 | Create | Villager (Male) |
| 18:23 | Create | Villager (Male) |
| 18:23 | Create | Villager (Male) |
| 18:24 | Create | Villager (Male) |
| 18:24 | Create | Villager (Male) |
| 18:44 | Build | Monastery |
| 18:45 | Create | Villager (Male) |
| 18:46 | Create | Villager (Male) |
| 18:52 | Build | Farm |
| 18:53 | Build | Farm |
| 18:53 | Build | Farm |
| 18:53 | Build | Farm |
| 18:53 | Build | Farm |
| 18:54 | Build | Farm |
| 18:54 | Build | Farm |
| 18:59 | Build | House |
| 19:02 | Build | House |
| 19:03 | Build | House |
| 19:05 | Build | House |
| 19:06 | Build | House |
| 19:07 | Build | House |
| 19:08 | Build | House |
| 19:10 | Build | House |
| 19:21 | Create | Villager (Male) |
| 19:22 | Create | Villager (Male) |
| 19:22 | Create | Villager (Male) |
| 19:22 | Create | Villager (Male) |
| 19:22 | Create | Villager (Male) |
| 19:23 | Create | Villager (Male) |
| 19:23 | Create | Villager (Male) |
| 19:24 | Create | Villager (Male) |
| 19:33 | Build | Farm |
| 19:33 | Build | Farm |
| 19:33 | Build | Farm |
| 19:33 | Build | Farm |
| 19:47 | Build | Mill |
| 19:48 | Build | Farm |
| 19:48 | Build | Farm |
| 19:48 | Build | Farm |
| 19:55 | Build | Farm |
| 19:56 | Build | Farm |
| 20:02 | Create | Villager (Male) ×4 |
| 20:14 | Create | Villager (Male) |
| 20:16 | Create | Teutonic Knight |
| 20:16 | Create | Teutonic Knight |
| 20:31 | Research | Pikeman (upgrade) |
| 20:34 | Create | Villager (Male) |
| 20:58 | Build | Barracks |
| 20:59 | Create | Villager (Male) |
| 20:59 | Create | Villager (Male) |
| 20:59 | Create | Villager (Male) |
| 21:14 | Create | Villager (Male) |
| 21:14 | Create | Villager (Male) |
| 21:15 | Create | Villager (Male) |
| 21:19 | Create | Villager (Male) |
| 21:21 | Create | Villager (Male) |
| 21:21 | Create | Villager (Male) |
| 21:31 | Build | Farm |
| 21:31 | Build | Farm |
| 21:31 | Build | Farm |
| 21:31 | Build | Farm |
| 21:32 | Build | Farm |
| 21:32 | Build | Farm |
| 21:32 | Build | Farm |
| 21:32 | Build | Farm |
| 21:41 | Build | House |
| 21:43 | Build | House |
| 21:46 | Build | House |
| 21:47 | Build | House |
| 21:59 | Create | Villager (Male) |
| 21:59 | Create | Villager (Male) |
| 21:59 | Create | Villager (Male) |
| 22:00 | Create | Villager (Male) |
Build order — andgpc
First 150 of 611 actions detected
| 0:05 | Build | Mill |
| 0:09 | Create | Villager (Male) |
| 0:09 | Create | Villager (Male) |
| 0:10 | Create | Villager (Male) |
| 0:10 | Create | Villager (Male) |
| 0:39 | Build | Lumber Camp |
| 1:13 | Create | Villager (Male) |
| 1:34 | Create | Villager (Male) |
| 1:51 | Create | Villager (Male) |
| 2:26 | Create | Villager (Male) |
| 2:53 | Create | Villager (Male) |
| 3:23 | Create | Villager (Male) |
| 3:29 | Research | Loom |
| 3:30 | Create | Villager (Male) |
| 3:32 | Create | Villager (Male) |
| 3:58 | Create | Villager (Male) |
| 4:27 | Create | Villager (Male) |
| 5:00 | Create | Villager (Male) |
| 5:11 | Create | Villager (Male) |
| 5:26 | Create | Villager (Male) |
| 6:02 | Create | Villager (Male) |
| 6:25 | Create | Villager (Male) |
| 6:36 | Build | Farm |
| 6:42 | Build | Farm |
| 6:45 | Build | Farm |
| 6:48 | Build | Farm |
| 6:52 | Research | Feudal Age |
| 6:55 | Create | Villager (Male) |
| 7:04 | Create | Villager (Male) |
| 7:20 | Build | Mining Camp |
| 7:24 | Research | Feudal Age |
| 7:25 | Create | Villager (Male) |
| 9:32 | Build | Lumber Camp |
| 9:46 | Create | Villager (Male) |
| 9:47 | Create | Villager (Male) |
| 10:09 | Create | Villager (Male) |
| 10:16 | Age | Feudal Age |
| 10:30 | Build | Market |
| 10:42 | Create | Villager (Male) |
| 10:45 | Build | Blacksmith |
| 10:49 | Build | Farm |
| 11:10 | Build | Farm |
| 11:17 | Research | Double-Bit Axe |
| 11:39 | Build | Farm |
| 11:45 | Research | Castle Age |
| 12:00 | Build | Farm |
| 12:07 | Research | Horse Collar |
| 14:36 | Age | Castle Age |
| 14:44 | Build | Town Center |
| 14:49 | Create | Villager (Male) |
| 14:49 | Create | Villager (Male) |
| 14:50 | Create | Villager (Male) |
| 14:58 | Build | Town Center |
| 15:02 | Research | Heavy Plow |
| 15:04 | Research | Bow Saw |
| 15:09 | Create | Villager (Male) |
| 15:17 | Create | Villager (Male) |
| 15:37 | Create | Villager (Male) |
| 16:01 | Create | Villager (Male) |
| 16:24 | Build | Farm |
| 16:36 | Create | Villager (Male) |
| 16:37 | Create | Villager (Male) |
| 17:12 | Research | Imperial Age |
| 17:15 | Create | Villager (Male) |
| 17:15 | Create | Villager (Male) |
| 17:22 | Create | Villager (Male) |
| 17:24 | Create | Villager (Male) |
| 17:37 | Build | Barracks |
| 18:02 | Create | Villager (Male) |
| 18:04 | Create | Villager (Male) |
| 18:14 | Build | Barracks |
| 18:15 | Build | Barracks |
| 18:29 | Create | Villager (Male) |
| 18:31 | Create | Villager (Male) |
| 18:33 | Create | Villager (Male) |
| 18:39 | Build | Market |
| 19:02 | Research | Forging |
| 19:08 | Create | Villager (Male) |
| 19:08 | Create | Villager (Male) |
| 19:20 | Build | Farm |
| 19:23 | Build | Farm |
| 19:27 | Build | Farm |
| 19:30 | Build | Farm |
| 19:31 | Create | Villager (Male) |
| 19:34 | Build | Farm |
| 19:35 | Create | Villager (Male) |
| 19:38 | Build | Farm |
| 19:42 | Create | Villager (Male) |
| 19:48 | Build | Farm |
| 19:53 | Build | Farm |
| 19:55 | Build | Farm |
| 19:59 | Build | Farm |
| 20:05 | Build | Farm |
| 20:06 | Create | Villager (Male) |
| 20:07 | Create | Villager (Male) |
| 20:29 | Age | Imperial Age |
| 20:33 | Build | House |
| 20:33 | Build | House |
| 20:34 | Build | House |
| 20:34 | Build | House |
| 20:38 | Build | House |
| 20:38 | Build | House |
| 20:38 | Build | House |
| 20:39 | Build | House |
| 20:39 | Build | House |
| 20:48 | Research | Squires |
| 20:57 | Build | Mill |
| 20:58 | Build | Farm |
| 20:59 | Build | Farm |
| 21:00 | Build | Farm |
| 21:01 | Build | Farm |
| 21:08 | Create | Villager (Male) |
| 21:08 | Create | Villager (Male) |
| 21:09 | Create | Villager (Male) |
| 21:13 | Create | Villager (Male) |
| 21:13 | Create | Villager (Male) |
| 21:20 | Create | Villager (Male) |
| 21:20 | Create | Villager (Male) |
| 21:22 | Create | Villager (Male) |
| 21:25 | Research | Scale Mail Armor |
| 22:22 | Research | Perfusion |
| 22:25 | Research | Anarchy |
| 22:35 | Create | Villager (Male) |
| 22:35 | Create | Villager (Male) |
| 22:35 | Create | Villager (Male) |
| 22:41 | Build | Mill |
| 22:44 | Build | Mill |
| 22:45 | Build | Farm |
| 22:47 | Build | Farm |
| 22:49 | Build | Farm |
| 22:49 | Build | Farm |
| 22:50 | Build | Farm |
| 22:51 | Build | Farm |
| 22:57 | Create | Villager (Male) |
| 22:57 | Create | Villager (Male) |
| 23:05 | Create | Villager (Male) |
| 23:05 | Create | Villager (Male) |
| 23:05 | Create | Villager (Male) |
| 23:28 | Build | Farm |
| 23:38 | Create | Villager (Male) |
| 23:40 | Create | Villager (Male) |
| 23:53 | Research | Conscription |
| 23:55 | Research | Chain Mail Armor |
| 24:05 | Build | Farm |
| 24:09 | Build | Farm |
| 24:11 | Build | Farm |
| 24:14 | Build | Farm |
| 24:17 | Build | Farm |
| 24:20 | Build | Farm |
| 24:25 | Create | Villager (Male) |
Build order — sepseven
First 150 of 420 actions detected
| 0:01 | Create | Villager (Male) |
| 0:01 | Create | Villager (Male) |
| 0:02 | Create | Villager (Male) |
| 0:02 | Create | Villager (Male) |
| 1:13 | Create | Villager (Male) |
| 1:48 | Build | Lumber Camp |
| 2:12 | Build | Mill |
| 2:18 | Create | Villager (Male) |
| 2:36 | Create | Villager (Male) |
| 2:58 | Create | Villager (Male) |
| 2:58 | Create | Villager (Male) |
| 2:59 | Create | Villager (Male) |
| 3:09 | Create | Villager (Male) |
| 3:45 | Create | Villager (Male) |
| 3:45 | Create | Villager (Male) |
| 4:08 | Create | Villager (Male) |
| 4:08 | Create | Villager (Male) |
| 4:12 | Create | Villager (Male) |
| 5:10 | Build | Mining Camp |
| 5:30 | Create | Villager (Male) |
| 5:44 | Build | Lumber Camp |
| 6:03 | Build | Farm |
| 6:10 | Create | Villager (Male) |
| 6:24 | Build | Farm |
| 6:28 | Build | Farm |
| 6:41 | Research | Feudal Age |
| 7:38 | Create | Villager (Male) |
| 7:39 | Create | Villager (Male) |
| 7:39 | Create | Villager (Male) |
| 7:39 | Create | Villager (Male) |
| 8:51 | Age | Feudal Age |
| 8:54 | Build | Market |
| 9:07 | Build | Blacksmith |
| 9:23 | Build | Mining Camp |
| 9:53 | Research | Castle Age |
| 10:09 | Create | Villager (Male) |
| 10:09 | Create | Villager (Male) |
| 10:18 | Research | Horse Collar |
| 11:49 | Create | Villager (Male) |
| 11:49 | Create | Villager (Male) |
| 12:33 | Age | Castle Age |
| 12:59 | Create | Villager (Male) |
| 13:00 | Create | Villager (Male) |
| 13:09 | Create | Arambai |
| 13:09 | Create | Arambai |
| 13:09 | Create | Arambai |
| 13:33 | Build | Town Center |
| 13:36 | Create | Villager (Male) |
| 13:45 | Create | Arambai |
| 13:51 | Create | Villager (Male) |
| 13:52 | Create | Villager (Male) |
| 14:00 | Research | Gold Mining |
| 14:13 | Research | Heavy Plow |
| 14:19 | Research | Fletching |
| 14:24 | Create | Villager (Male) |
| 14:40 | Create | Villager (Male) |
| 14:41 | Create | Villager (Male) |
| 14:41 | Create | Villager (Male) |
| 14:41 | Create | Villager (Male) |
| 14:42 | Create | Villager (Male) |
| 14:42 | Create | Villager (Male) |
| 14:58 | Create | Villager (Male) |
| 15:11 | Create | Villager (Male) |
| 15:11 | Create | Villager (Male) |
| 15:29 | Build | Farm |
| 15:31 | Create | Villager (Male) |
| 15:38 | Create | Arambai |
| 15:38 | Create | Arambai |
| 15:39 | Create | Arambai |
| 15:50 | Build | Farm |
| 15:53 | Create | Villager (Male) |
| 16:13 | Build | Mining Camp |
| 16:23 | Build | Farm |
| 16:24 | Create | Villager (Male) |
| 16:24 | Create | Villager (Male) |
| 16:25 | Create | Villager (Male) |
| 16:42 | Build | Farm |
| 16:51 | Create | Villager (Male) |
| 17:03 | Create | Villager (Male) |
| 17:08 | Build | House |
| 17:14 | Build | House |
| 17:17 | Build | House |
| 17:18 | Build | House |
| 17:24 | Research | Loom |
| 17:28 | Research | Wheelbarrow |
| 17:49 | Create | Villager (Male) |
| 17:50 | Create | Villager (Male) |
| 17:50 | Create | Villager (Male) |
| 17:52 | Create | Villager (Male) |
| 17:52 | Create | Villager (Male) |
| 17:52 | Create | Villager (Male) |
| 17:55 | Create | Arambai |
| 17:55 | Create | Arambai |
| 17:55 | Create | Arambai |
| 17:56 | Create | Arambai |
| 17:56 | Create | Arambai |
| 17:56 | Create | Arambai |
| 18:33 | Build | Farm |
| 19:04 | Build | Castle |
| 19:22 | Research | Manipur Cavalry |
| 19:37 | Build | House |
| 19:40 | Build | House |
| 19:41 | Build | House |
| 19:42 | Build | House |
| 19:44 | Build | House |
| 19:46 | Build | House |
| 19:49 | Build | Farm |
| 19:51 | Build | Farm |
| 20:01 | Create | Villager (Male) |
| 20:02 | Create | Villager (Male) |
| 20:02 | Create | Villager (Male) |
| 20:26 | Create | Villager (Male) |
| 20:26 | Create | Villager (Male) |
| 20:27 | Create | Villager (Male) |
| 20:27 | Create | Villager (Male) |
| 20:31 | Create | Arambai |
| 20:31 | Create | Arambai |
| 20:31 | Create | Arambai |
| 20:32 | Create | Arambai |
| 20:32 | Create | Arambai |
| 20:42 | Build | Farm |
| 21:08 | Build | Farm |
| 21:08 | Create | Villager (Male) |
| 21:09 | Create | Villager (Male) |
| 21:36 | Create | Arambai |
| 21:37 | Create | Arambai |
| 21:37 | Create | Arambai |
| 22:37 | Create | Villager (Male) |
| 22:37 | Create | Villager (Male) |
| 22:38 | Create | Villager (Male) |
| 22:42 | Build | House |
| 23:42 | Research | Imperial Age |
| 24:44 | Build | Stable |
| 24:46 | Create | Arambai |
| 24:47 | Create | Arambai |
| 24:47 | Create | Arambai |
| 24:47 | Create | Arambai |
| 24:47 | Create | Arambai |
| 24:48 | Create | Arambai |
| 24:48 | Create | Arambai |
| 24:48 | Create | Arambai |
| 24:48 | Create | Arambai |
| 24:49 | Create | Arambai |
| 24:49 | Create | Arambai |
| 24:49 | Create | Arambai |
| 24:59 | Create | Villager (Male) |
| 24:59 | Create | Villager (Male) |
| 24:59 | Create | Villager (Male) |
| 25:07 | Build | House |
| 25:29 | Build | Lumber Camp |
Build order — Azazel'
First 150 of 162 actions detected
| 0:05 | Research | Loom |
| 0:14 | Create | Villager (Male) ×4 |
| 0:43 | Build | Lumber Camp |
| 0:47 | Build | Outpost |
| 1:23 | Create | Villager (Male) |
| 1:52 | Build | Mill |
| 2:25 | Build | Farm |
| 2:51 | Create | Villager (Male) |
| 2:51 | Create | Villager (Male) |
| 2:51 | Create | Villager (Male) |
| 3:36 | Create | Villager (Male) ×3 |
| 4:03 | Create | Villager (Male) |
| 5:39 | Create | Villager (Male) |
| 5:39 | Create | Villager (Male) |
| 5:41 | Create | Villager (Male) |
| 5:42 | Create | Villager (Male) |
| 6:15 | Create | Villager (Male) |
| 6:16 | Create | Villager (Male) |
| 6:16 | Create | Villager (Male) |
| 6:18 | Create | Villager (Male) |
| 6:48 | Build | Farm |
| 7:17 | Build | Farm |
| 7:21 | Research | Feudal Age |
| 7:26 | Build | Farm |
| 8:55 | Build | Farm |
| 9:25 | Build | Mining Camp |
| 9:34 | Build | Farm |
| 10:24 | Build | Mining Camp |
| 10:48 | Build | Lumber Camp |
| 11:12 | Create | Villager (Male) ×5 |
| 11:16 | Age | Feudal Age |
| 11:58 | Build | Blacksmith |
| 12:19 | Research | Double-Bit Axe |
| 12:23 | Research | Horse Collar |
| 12:57 | Research | Gold Mining |
| 13:02 | Research | Stone Mining |
| 13:30 | Build | Market |
| 13:42 | Research | Town Watch |
| 14:18 | Research | Castle Age |
| 14:30 | Research | Forging |
| 14:32 | Research | Scale Mail Armor |
| 16:27 | Build | Palisade Wall |
| 16:53 | Research | Fletching |
| 16:58 | Age | Castle Age |
| 17:25 | Build | Town Center |
| 17:36 | Create | Villager (Male) ×5 |
| 17:48 | Create | Spearman ×5 |
| 17:52 | Create | Huskarl ×5 |
| 18:11 | Build | Barracks |
| 19:21 | Build | Farm |
| 19:39 | Build | Palisade Gate |
| 19:47 | Create | Huskarl ×5 |
| 20:38 | Build | Palisade Gate |
| 21:17 | Build | Barracks |
| 21:43 | Create | Villager (Male) ×3 |
| 22:00 | Build | Palisade Gate |
| 22:26 | Build | Farm |
| 22:37 | Build | House |
| 22:39 | Build | House |
| 22:40 | Build | House |
| 22:50 | Create | Villager (Male) ×4 |
| 23:03 | Build | Farm |
| 23:43 | Build | Lumber Camp |
| 23:52 | Create | Villager (Male) ×4 |
| 24:05 | Build | Castle |
| 24:38 | Build | Farm |
| 24:45 | Create | Villager (Male) ×4 |
| 25:04 | Build | Farm |
| 25:17 | Build | Farm |
| 25:41 | Research | Pikeman (upgrade) |
| 25:58 | Create | Villager (Male) ×3 |
| 26:46 | Build | Castle |
| 26:51 | Build | Farm |
| 27:08 | Research | Squires |
| 27:14 | Create | Villager (Male) ×4 |
| 27:40 | Build | Farm |
| 27:45 | Build | Farm |
| 27:50 | Build | Farm |
| 27:53 | Build | Farm |
| 28:53 | Research | Town Patrol |
| 28:57 | Create | Villager (Male) ×5 |
| 29:25 | Build | Barracks |
| 29:26 | Build | Barracks |
| 29:27 | Build | Barracks |
| 29:39 | Build | Farm |
| 29:41 | Research | Heavy Plow |
| 29:52 | Research | Iron Casting |
| 30:06 | Build | Farm |
| 30:48 | Build | Farm |
| 31:08 | Build | Mining Camp |
| 31:11 | Build | Farm |
| 31:29 | Build | Farm |
| 31:33 | Create | Villager (Male) ×5 |
| 31:39 | Create | Villager (Male) ×5 |
| 32:41 | Build | Farm |
| 32:42 | Build | Farm |
| 32:56 | Research | Anarchy |
| 33:03 | Build | Farm |
| 33:14 | Research | Bow Saw |
| 33:23 | Create | Villager (Male) ×5 |
| 33:47 | Create | Huskarl ×5 |
| 33:48 | Create | Huskarl ×5 |
| 33:48 | Create | Huskarl |
| 33:53 | Build | Farm |
| 33:56 | Build | Farm |
| 34:00 | Create | Villager (Male) |
| 34:01 | Create | Villager (Male) |
| 34:29 | Create | Villager (Male) ×5 |
| 34:39 | Build | Farm |
| 34:53 | Create | Huskarl ×3 |
| 34:56 | Create | Huskarl |
| 35:03 | Build | Farm |
| 35:07 | Build | Farm |
| 35:12 | Build | Farm |
| 35:42 | Build | Farm |
| 35:47 | Build | Farm |
| 36:12 | Build | Mining Camp |
| 36:19 | Build | Farm |
| 36:39 | Build | Farm |
| 36:59 | Build | Lumber Camp |
| 37:03 | Build | Farm |
| 37:18 | Build | Barracks |
| 37:19 | Build | Barracks |
| 37:21 | Build | Barracks |
| 37:23 | Build | Barracks |
| 37:30 | Create | Huskarl ×5 |
| 37:30 | Create | Huskarl ×5 |
| 37:30 | Create | Huskarl ×5 |
| 37:31 | Create | Huskarl ×5 |
| 38:02 | Research | Stone Shaft Mining |
| 38:38 | Build | House |
| 38:39 | Build | House |
| 38:40 | Build | House |
| 38:41 | Build | House |
| 38:43 | Build | House |
| 39:13 | Research | Imperial Age |
| 39:17 | Research | Wheelbarrow |
| 39:25 | Research | Chain Mail Armor |
| 40:06 | Create | Spearman ×5 |
| 40:08 | Create | Spearman ×5 |
| 40:09 | Create | Spearman ×5 |
| 40:15 | Build | House |
| 40:16 | Build | House |
| 40:17 | Build | House |
| 40:18 | Build | House |
| 40:20 | Build | House |
| 42:10 | Create | Huskarl ×5 |
| 42:11 | Create | Huskarl ×5 |
| 42:14 | Create | Huskarl ×5 |
| 42:14 | Create | Huskarl ×5 |
Build order — Mescalito
First 150 of 302 actions detected
| 0:01 | Create | Villager (Male) |
| 0:02 | Create | Villager (Male) |
| 0:02 | Create | Villager (Male) |
| 0:03 | Create | Villager (Male) |
| 0:14 | Build | Lumber Camp |
| 0:19 | Research | Loom |
| 0:35 | Build | Mill |
| 1:07 | Create | Villager (Male) |
| 1:12 | Create | Villager (Male) |
| 1:12 | Create | Villager (Male) |
| 1:48 | Create | Villager (Male) |
| 1:48 | Create | Villager (Male) |
| 1:48 | Create | Villager (Male) |
| 2:45 | Create | Villager (Male) |
| 2:46 | Create | Villager (Male) |
| 2:47 | Create | Villager (Male) |
| 3:53 | Create | Villager (Male) |
| 3:53 | Create | Villager (Male) |
| 3:54 | Create | Villager (Male) |
| 4:07 | Create | Villager (Male) |
| 4:23 | Build | Mining Camp |
| 4:29 | Create | Villager (Male) |
| 6:15 | Research | Feudal Age |
| 8:26 | Age | Feudal Age |
| 8:37 | Build | Market |
| 8:43 | Build | Blacksmith |
| 9:38 | Research | Castle Age |
| 10:17 | Build | Farm |
| 10:21 | Build | Farm |
| 10:27 | Build | Farm |
| 10:32 | Build | Farm |
| 10:37 | Build | Farm |
| 10:43 | Build | Farm |
| 10:51 | Build | House |
| 10:52 | Build | House |
| 10:54 | Build | House |
| 10:55 | Build | House |
| 11:02 | Build | House |
| 11:03 | Build | House |
| 11:05 | Build | House |
| 11:06 | Build | House |
| 11:15 | Build | House |
| 11:16 | Build | House |
| 11:17 | Build | House |
| 11:19 | Build | House |
| 11:45 | Build | Farm |
| 12:16 | Research | Double-Bit Axe |
| 12:18 | Age | Castle Age |
| 12:43 | Build | Farm |
| 13:22 | Build | Lumber Camp |
| 13:48 | Create | Villager (Male) ×5 |
| 13:52 | Create | Villager (Male) ×5 |
| 13:58 | Research | Bow Saw |
| 14:36 | Build | Farm |
| 14:45 | Research | Wheelbarrow |
| 14:54 | Research | Gold Mining |
| 15:56 | Build | Town Center |
| 16:04 | Create | Villager (Male) |
| 16:05 | Create | Villager (Male) |
| 16:05 | Create | Villager (Male) |
| 16:05 | Create | Villager (Male) |
| 16:06 | Create | Villager (Male) |
| 16:13 | Research | Gold Shaft Mining |
| 16:17 | Research | Stone Mining |
| 16:30 | Build | Farm |
| 17:04 | Create | Villager (Male) |
| 17:04 | Create | Villager (Male) |
| 17:05 | Create | Villager (Male) |
| 17:05 | Create | Villager (Male) |
| 17:05 | Create | Villager (Male) |
| 17:19 | Build | University |
| 17:45 | Build | Stone Wall |
| 17:56 | Create | Villager (Male) |
| 17:56 | Create | Villager (Male) |
| 17:57 | Create | Villager (Male) |
| 18:34 | Build | Stone Wall |
| 18:46 | Build | Stone Wall |
| 18:50 | Build | Stone Wall |
| 19:11 | Create | Villager (Male) |
| 19:11 | Create | Villager (Male) |
| 19:13 | Create | Villager (Male) |
| 19:14 | Create | Villager (Male) |
| 19:16 | Create | Villager (Male) |
| 19:16 | Create | Villager (Male) |
| 19:17 | Create | Villager (Male) |
| 19:50 | Create | Villager (Male) |
| 19:50 | Create | Villager (Male) |
| 19:53 | Create | Villager (Male) |
| 19:53 | Create | Villager (Male) |
| 20:17 | Build | Stone Wall |
| 20:28 | Build | Building 487 |
| 20:35 | Build | Stone Wall |
| 20:41 | Build | Stone Wall |
| 20:43 | Build | Stone Wall |
| 20:47 | Build | Stone Wall |
| 21:11 | Build | Building 487 |
| 21:25 | Research | Hand Cart |
| 21:27 | Create | Villager (Male) |
| 21:27 | Create | Villager (Male) |
| 21:28 | Create | Villager (Male) |
| 21:35 | Build | Farm |
| 21:37 | Build | Farm |
| 21:39 | Build | Farm |
| 21:40 | Build | Farm |
| 21:41 | Build | Farm |
| 21:54 | Build | Stone Wall |
| 21:55 | Build | Stone Wall |
| 22:03 | Research | Fortified Wall (upgrade) |
| 22:11 | Create | Villager (Male) |
| 22:11 | Create | Villager (Male) |
| 22:13 | Create | Villager (Male) |
| 22:24 | Build | Stone Wall |
| 22:29 | Build | Stone Wall |
| 22:42 | Build | Stone Wall |
| 22:56 | Build | Stone Wall |
| 23:00 | Build | Building 487 |
| 23:08 | Build | Stone Wall |
| 23:15 | Build | Building 487 |
| 23:31 | Build | Stone Wall |
| 23:36 | Build | Stone Wall |
| 23:40 | Build | Building 487 |
| 24:29 | Build | Farm |
| 24:31 | Build | Farm |
| 24:33 | Build | Farm |
| 24:44 | Research | Imperial Age |
| 25:02 | Create | Villager (Male) |
| 25:19 | Build | Lumber Camp |
| 26:35 | Build | Stone Wall |
| 26:42 | Build | Stone Wall |
| 26:56 | Build | Stone Wall |
| 27:04 | Build | Stone Wall |
| 27:11 | Build | Stone Wall |
| 27:34 | Build | Stone Wall |
| 27:41 | Build | Building 487 |
| 27:54 | Build | Stone Wall |
| 27:54 | Age | Imperial Age |
| 28:28 | Build | Farm |
| 28:32 | Research | Town Watch |
| 28:51 | Build | Market |
| 28:58 | Build | Lumber Camp |
| 29:13 | Build | Mill |
| 29:19 | Build | Farm |
| 29:20 | Build | Farm |
| 29:21 | Build | Farm |
| 29:23 | Build | Farm |
| 29:23 | Build | Farm |
| 29:25 | Build | Farm |
| 29:26 | Build | Farm |
| 29:27 | Build | Farm |
| 29:29 | Build | Farm |
Match timeline
| 8:26 | Mescalito · age_up feudal |
| 8:43 | CC182 · age_up feudal |
| 8:51 | sepseven · age_up feudal |
| 9:07 | AB14 · age_up feudal |
| 9:09 | CC182 · wall_segment Stone Wall x20 |
| 9:37 | TheDukeofWrenches · age_up feudal |
| 9:44 | jesatamtzc07 · first_building Barracks |
| 10:16 | andgpc · age_up feudal |
| 10:23 | jesatamtzc07 · age_up feudal |
| 10:51 | CC182 · first_market_buy 100 food |
| 11:16 | Azazel' · age_up feudal |
| 11:26 | CC182 · wall_segment Stone Wall x20 |
| 12:18 | Mescalito · age_up castle |
| 12:33 | sepseven · age_up castle |
| 12:59 | CC182 · wall_segment Stone Wall x33 |
| 13:02 | AB14 · age_up castle |
| 13:07 | TheDukeofWrenches · age_up castle |
| 13:45 | jesatamtzc07 · first_building Archery Range |
| 13:59 | TheDukeofWrenches · first_market_buy 100 stone |
| 14:36 | andgpc · age_up castle |
| 14:54 | CC182 · wall_segment Stone Wall x28 |
| 15:09 | jesatamtzc07 · first_building Stable |
| 15:22 | CC182 · wall_segment Stone Wall x12 |
| 16:17 | andgpc · first_market_sell 100 wood |
| 16:27 | Azazel' · wall_segment Palisade Wall x8 |
| 16:58 | Azazel' · age_up castle |
| 17:14 | AB14 · first_building Stable |
| 17:25 | TheDukeofWrenches · wall_segment Stone Wall x22 |
| 17:37 | andgpc · first_building Barracks |
| 17:45 | Mescalito · wall_segment Stone Wall x11 |
| 17:53 | CC182 · tribute_sent a jugador 2 |
| 17:53 | CC182 · tribute_sent a jugador 3 |
| 17:53 | CC182 · tribute_sent a jugador 4 |
| 17:53 | CC182 · tribute_sent a jugador 5 |
| 17:53 | CC182 · tribute_sent a jugador 6 |
| 17:53 | CC182 · tribute_sent a jugador 7 |
| 17:53 | CC182 · tribute_sent a jugador 8 |
| 18:07 | CC182 · wall_segment Stone Wall x8 |
| 18:11 | Azazel' · first_building Barracks |
| 18:34 | Mescalito · wall_segment Stone Wall x3 |
| 18:44 | TheDukeofWrenches · first_building Monastery |
| 18:46 | Mescalito · wall_segment Stone Wall x15 |
| 18:50 | Mescalito · wall_segment Stone Wall x2 |
| 18:54 | jesatamtzc07 · age_up castle |
| 19:04 | sepseven · first_building Castle |
| 19:07 | CC182 · wall_segment Stone Wall x11 |
| 20:17 | Mescalito · wall_segment Stone Wall x4 |
| 20:29 | andgpc · age_up imperial |
| 20:35 | Mescalito · wall_segment Stone Wall x10 |
| 20:41 | Mescalito · wall_segment Stone Wall x6 |
| 20:43 | Mescalito · wall_segment Stone Wall x7 |
| 20:47 | jesatamtzc07 · first_building Siege Workshop |
| 20:47 | Mescalito · wall_segment Stone Wall x6 |
| 20:48 | CC182 · wall_segment Stone Wall x26 |
| 20:58 | TheDukeofWrenches · first_building Barracks |
| 21:50 | CC182 · wall_segment Stone Wall x2 |
| 21:54 | Mescalito · wall_segment Stone Wall x11 |
| 21:55 | Mescalito · wall_segment Stone Wall x1 |
| 22:24 | Mescalito · wall_segment Stone Wall x1 |
| 22:29 | Mescalito · wall_segment Stone Wall x1 |
| 22:42 | Mescalito · wall_segment Stone Wall x11 |
| 22:56 | Mescalito · wall_segment Stone Wall x15 |
| 23:01 | CC182 · wall_segment Stone Wall x4 |
| 23:08 | Mescalito · wall_segment Stone Wall x24 |
| 23:31 | Mescalito · wall_segment Stone Wall x19 |
| 23:33 | CC182 · tribute_sent a jugador 2 |
| 23:33 | CC182 · tribute_sent a jugador 3 |
| 23:33 | CC182 · tribute_sent a jugador 4 |
| 23:33 | CC182 · tribute_sent a jugador 5 |
| 23:33 | CC182 · tribute_sent a jugador 6 |
| 23:33 | CC182 · tribute_sent a jugador 7 |
| 23:33 | CC182 · tribute_sent a jugador 8 |
| 23:36 | Mescalito · wall_segment Stone Wall x11 |
| 24:05 | Azazel' · first_building Castle |
| 24:19 | TheDukeofWrenches · first_market_sell 100 wood |
| 24:43 | CC182 · wall_segment Stone Wall x22 |
| 24:44 | sepseven · first_building Stable |
| 24:53 | TheDukeofWrenches · wall_segment Stone Wall x12 |
| 25:20 | CC182 · tribute_sent a jugador 2 |
| 25:20 | CC182 · tribute_sent a jugador 3 |
| 25:20 | CC182 · tribute_sent a jugador 4 |
| 25:20 | CC182 · tribute_sent a jugador 5 |
| 25:20 | CC182 · tribute_sent a jugador 6 |
| 25:20 | CC182 · tribute_sent a jugador 7 |
| 25:20 | CC182 · tribute_sent a jugador 8 |
| 25:50 | CC182 · wall_segment Stone Wall x8 |
| 26:07 | sepseven · first_market_buy 100 wood |
| 26:09 | sepseven · first_market_sell 100 food |
| 26:35 | Mescalito · wall_segment Stone Wall x13 |
| 26:42 | Mescalito · wall_segment Stone Wall x2 |
| 26:52 | sepseven · age_up imperial |
| 26:56 | Mescalito · wall_segment Stone Wall x14 |
| 27:04 | Mescalito · wall_segment Stone Wall x22 |
| 27:11 | Mescalito · wall_segment Stone Wall x23 |
| 27:24 | CC182 · wall_segment Stone Wall x30 |
| 27:34 | Mescalito · wall_segment Stone Wall x23 |
| 27:38 | TheDukeofWrenches · age_up imperial |
| 27:54 | Mescalito · wall_segment Stone Wall x2 |
| 27:54 | Mescalito · age_up imperial |
| 28:15 | TheDukeofWrenches · first_building Stable |
| 28:58 | CC182 · wall_segment Stone Wall x20 |
| 29:19 | TheDukeofWrenches · wall_segment Stone Wall x12 |
| 29:59 | TheDukeofWrenches · tribute_sent a jugador 1 |
| 29:59 | TheDukeofWrenches · tribute_sent a jugador 2 |
| 29:59 | TheDukeofWrenches · tribute_sent a jugador 4 |
| 29:59 | TheDukeofWrenches · tribute_sent a jugador 5 |
| 29:59 | TheDukeofWrenches · tribute_sent a jugador 6 |
| 29:59 | TheDukeofWrenches · tribute_sent a jugador 7 |
| 29:59 | TheDukeofWrenches · tribute_sent a jugador 8 |
| 30:12 | Mescalito · first_building Stable |
| 30:47 | CC182 · age_up castle |
| 31:07 | jesatamtzc07 · wall_segment Stone Wall x5 |
| 31:14 | CC182 · wall_segment Stone Wall x4 |
| 31:18 | Mescalito · wall_segment Stone Wall x2 |
| 32:00 | CC182 · first_building Castle |
| 32:08 | AB14 · first_building Archery Range |
| 32:34 | AB14 · age_up imperial |
| 34:08 | CC182 · wall_segment Stone Wall x7 |
| 35:39 | AB14 · first_building Castle |
| 35:54 | jesatamtzc07 · first_building Castle |
| 36:54 | TheDukeofWrenches · first_building Archery Range |
| 37:33 | jesatamtzc07 · age_up imperial |
| 38:04 | andgpc · tribute_sent a jugador 1 |
| 38:04 | andgpc · tribute_sent a jugador 2 |
| 38:04 | andgpc · tribute_sent a jugador 3 |
| 38:04 | andgpc · tribute_sent a jugador 5 |
| 38:04 | andgpc · tribute_sent a jugador 6 |
| 38:04 | andgpc · tribute_sent a jugador 7 |
| 38:04 | andgpc · tribute_sent a jugador 8 |
| 39:23 | TheDukeofWrenches · first_building Siege Workshop |
| 40:27 | Mescalito · first_building Castle |
| 42:23 | Azazel' · age_up imperial |
| 42:25 | TheDukeofWrenches · first_building Castle |
| 42:26 | CC182 · tribute_sent a jugador 2 |
| 42:26 | CC182 · tribute_sent a jugador 3 |
| 42:26 | CC182 · tribute_sent a jugador 4 |
| 42:26 | CC182 · tribute_sent a jugador 5 |
| 42:26 | CC182 · tribute_sent a jugador 6 |
| 42:26 | CC182 · tribute_sent a jugador 7 |
| 42:26 | CC182 · tribute_sent a jugador 8 |
| 44:08 | CC182 · wall_segment Stone Wall x1 |
| 44:12 | jesatamtzc07 · first_market_sell 100 food |
| 44:18 | sepseven · wall_segment Stone Wall x4 |
| 45:23 | jesatamtzc07 · wall_segment Stone Wall x8 |
| 48:01 | CC182 · tribute_sent a jugador 2 |
| 48:01 | CC182 · tribute_sent a jugador 3 |
| 48:01 | CC182 · tribute_sent a jugador 4 |
| 48:01 | CC182 · tribute_sent a jugador 5 |
| 48:01 | CC182 · tribute_sent a jugador 6 |
| 48:01 | CC182 · tribute_sent a jugador 7 |
| 48:01 | CC182 · tribute_sent a jugador 8 |
| 48:13 | TheDukeofWrenches · resign |
[ AI ANALYSIS · 1 CREDIT ]
What really happened in this match?
Wolo.gg analyzes every decision: build order, eco, micro, common mistakes by bracket. Personalized analysis on WhatsApp or Discord in 30 seconds.
Civ guide
Persians
Map guide
Fortress
Perfil
Jugador #3026055